 Dungeon Crawl Stone Soup version 0.27-a0-1081-ge8a0a9c698 (webtiles) character file.

Game seed: 7479699957249027249

5 robertstho the Magician (level 1, -2/15 HPs)
             Began as a Djinni Fire Elementalist on Apr 25, 2021.
             Slain by a jackal (3 damage)
             ... on level 1 of the Dungeon.
             The game lasted 00:00:20 (128 turns).

robertstho the Magician (Djinni Fire Elementalist)   Turns: 128, Time: 00:00:21

Health: -2/15      AC:  2    Str:  7    XL:     1   Next: 80%
Gold:   15         EV: 12    Int: 16    God:
                   SH:  0    Dex: 13

rFire    + + .     SeeInvis .   (no weapon)
rCold    x . .     Faith    .   (no shield)
rNeg     . . .     Spirit   .   a - +0 robe
rPois    ∞         Reflect  .   (no helmet)
rElec    .         Harm     .   (no cloak)
rCorr    .         Rampage  .   (no gloves)
Will     .....                  (boots unavailable)
Stlth    ++........             (no amulet)
HPRegen  0.05/turn              (no ring)
MPRegen  0.00/turn              (no ring)

@: flying
A: fire resistance 2, cold vulnerability 1, float, innate caster, hp casting,
extra vitality 1
a: no special abilities


You were on level 1 of the Dungeon.
You visited 1 branch of the dungeon, and saw 1 of its levels.

You collected 15 gold pieces.

Inventory:

Armour
 a - a +0 robe (worn)


   Skills:
 + Level 2.2 Dodging
 + Level 1.5 Stealth
 * Level 3.0 Spellcasting


You couldn't memorise any spells.
You knew the following spells:

 Your Spells              Type           Power      Damage    Failure   Level
a - Foxfire               Conj/Fire      48%        2x1d6     5%          1
b - Conjure Flame         Conj/Fire      12%        6-21      16%         3
c - Inner Flame           Hex/Fire       12%        N/A       16%         3
d - Sticky Flame          Conj/Fire      12%        2d4       47%         4
e - Fireball              Conj/Fire      6%         3d5       83%         5
Your spell library was empty.

Dungeon Overview and Level Annotations

Branches:
Dungeon (1/15)

Altars:


Innate Abilities, Weirdness & Mutations

You are immune to poison.
Your flesh is very heat resistant. (rF++)
You are vulnerable to cold. (rC-)
You float through the air rather than walking.
You learn spells naturally, not from books.
Your magical power is your life essence.
You have superior vitality. (+4 HP)


Message History

Confirm with . or Enter, or press ? or * to list all spells.
You conjure some foxfire!
The jackal barks!
The foxfire hits the jackal but does no damage.
The foxfire hits the jackal.
The jackal is moderately wounded.
The kobold closely misses you.
Casting: Foxfire (safe; 5% risk of failure)
Confirm with . or Enter, or press ? or * to list all spells.
You conjure some foxfire!
The jackal closely misses you.
The kobold hits you with a +0 short sword.
The foxfire hits the jackal.
The jackal is heavily wounded.
The jackal bites you but does no damage.
The jackal bites you.
The foxfire hits the jackal.
You kill the jackal!
The jackal bites you but does no damage.
The kobold hits you but does no damage.
Your Spellcasting skill increases to level 3!
A goblin comes into view. It is wielding a +0 dagger.
The jackal barely misses you.
Casting: Foxfire (safe; 5% risk of failure)
Confirm with . or Enter, or press ? or * to list all spells.
You conjure some foxfire!
* * * LOW HITPOINT WARNING * * *
The jackal completely misses you. The jackal bites you.
* * * LOW HITPOINT WARNING * * *
The foxfire hits the jackal.
The jackal is lightly wounded.
The foxfire hits the jackal.
The jackal is moderately wounded.
The jackal bites you.
* * * LOW HITPOINT WARNING * * *
The jackal barely misses you.
Unknown command.
You aren't carrying any potions.
You aren't carrying any scrolls.
The jackal bites you but does no damage.
The jackal bites you.
You die...

##..#######†...♣♣
####..........♣
♣..........♣
♣♣.........♣
♣♣........#
♣........#...#
♣♣.......#...#
♣♣......#...##
♣♣♣.#@.#....##
###hh#.)..g .
#K.#...##$..
#..#.†......
##.......#
##.#....#
#.#.......
#.....#...
##.#..!...


You could see 2 jackals and a kobold.

Vanquished Creatures
  A goblin (D:1)
  3 jackals (D:1)
4 creatures vanquished.

Vanquished Creatures (others)
  21 foxfires (D:1)
21 creatures vanquished.

Grand Total: 25 creatures vanquished

Notes
Turn   | Place    | Note
-------+----------+-------------------------------------------
     0 | D:1      | robertstho the Djinni Fire Elementalist began the quest for
                  | the Orb.
     0 | D:1      | Reached XP level 1. HP: 15/15 MP: 0/0
   122 | D:1      | Reached skill level 3 in Spellcasting
   128 | D:1      | Slain by a jackal

Illustrated notes

Levels and vault maps discovered:
D:1:      sevenhm_arrival_forest_fort_large_4, layout_rooms,
          chequers_ecumenical_altar_island, patterned_corridor

Skill      XL: |  1 |
---------------+----+-----
Spellcasting   | 3 |  3.0
Dodging        | |  2.2
Stealth        | |  1.5

Action                   || total
-------------------------++-------
 Cast: Foxfire           ||    11
Armor: Robe              ||     4
Dodge: Dodged            ||     6

Table legend: (Time is in decaauts)
 A = Elapsed time spent in this place.
 B = Non-inter-level travel time spent in this place.
 C = Inter-level travel time spent in this place.
 D = Time resting spent in this place.
 E = Time spent auto-exploring this place.
 F = Levels seen in this place.
 G = Mean time per level.
                   A        B        C        D        E       F      G
               +--------+--------+--------+--------+--------+-----+--------+
         Total |    128 |    128 |      0 |      0 |    100 |   1 |  128.0 |
       Dungeon |    128 |    128 |      0 |      0 |    100 |   1 |  128.0 |
               +--------+--------+--------+--------+--------+-----+--------+

Top non-repeatable levels by time:
     D:1: 128 daAuts
